 Dungeon Crawl Stone Soup version 0.32-a0-908-g8e5f33bbaa (webtiles) character file.

Game seed: 10336418237148759719

121 Ajdolov the Magician (level 4, -5/30 HPs)
             Began as a Mummy Fire Elementalist on Apr 6, 2024.
             Slain by a sky beast (6 damage)
             ... on level 3 of the Dungeon.
             The game lasted 00:05:13 (1897 turns).

Ajdolov the Magician (Mummy Fire Elementalist)      Turns: 1897, Time: 00:05:13

Health: -5/30      AC:  3    Str: 11    XL:     4   Next: 76%
Magic:  1/10       EV: 11    Int: 16    God:
Gold:   165        SH:  0    Dex: 12    Spells: 9/12 levels left

rFire   x . .        b - +0 dagger
rCold   + . .        (no shield)
rNeg    + + +        a - +0 robe
rPois   ∞            (no helmet)
rElec   .            (no cloak)
rCorr   .            (no gloves)
SInv    .            e - +0 pair of boots
Will    .....        (no amulet)
Stlth   ++           (no ring)
HPRegen 0.25/turn    (no ring)
MPRegen 0.12/turn

%: faith
@: weak-willed, very slightly contaminated
A: cold resistance 1, negative energy resistance 3, torment resistance 2, heat
vulnerability 1, in touch with death 1, no potions, faith
a: no special abilities


You were on level 3 of the Dungeon.
You visited 1 branch of the dungeon, and saw 3 of its levels.

You collected 165 gold pieces.

Inventory:

Hand Weapons
 b - a +0 dagger (weapon)
Armour
 a - a +0 robe (worn)
 e - a +0 pair of boots (worn)
Magical Staves
 d - a staff of alchemy


   Skills:
 - Level 1.5 Dodging
 - Level 1.5 Stealth
 + Level 4.7 Spellcasting
 - Level 0.7 Conjurations
 + Level 3.6 Fire Magic


You had 9 spell levels left.
You knew the following spells:

 Your Spells              Type           Power      Damage    Failure   Level
a - Foxfire               Conj/Fire      40%        2x1d6     6%          1
b - Scorch                Fire           30%        2d6       5%          2

Your spell library contained the following spells:

 Spells                   Type           Power      Damage    Failure   Level
 Inner Flame              Hex/Fire       9%         N/A       22%         3
 Volatile Blastmotes      Fire/Tloc      18%        2d11      22%         3
 Call Canine Familiar     Summ           3%         N/A       43%         3
 Sigil of Binding         Hex            3%         N/A       43%         3
 Flame Wave               Conj/Fire      10%        2d6       54%         4
 Dimensional Bullseye     Hex/Tloc       1%         N/A       83%         4


Dungeon Overview and Level Annotations

Branches:
Dungeon (2/15)

Altars:


Innate Abilities, Weirdness & Mutations

You are immune to poison.
Your flesh is cold resistant. (rC+)
You are immune to negative energy. (rN+++)
You are immune to unholy pain and torment.
You are vulnerable to heat. (rF-)
You are in touch with the powers of death.
You do not drink.
You have a special connection with the divine. (Faith)


Message History

You are very lightly contaminated with residual magic.
Nothing appears to happen.
The giant cockroach bites you but does no damage.
Unknown command.
Flames lash the giant cockroach.
You kill the giant cockroach!
Unknown command.
Flames lash the orc.
You kill the orc!
Something hits you. Something shocks you.
You can't see any susceptible monsters within range! (Use Z to cast anyway.) Unknown command.
Casting: Scorch (safe; 5% risk of failure)
Confirm with . or Enter, or press ? or * to list all spells.
Flames lash something.
Something hits you. Something shocks you.
* * * LOW HITPOINT WARNING * * *
Unknown command.
Casting: Scorch (safe; 5% risk of failure)
Confirm with . or Enter, or press ? or * to list all spells.
You don't know that spell.
You closely miss something. Something hits you.
* * * LOW HITPOINT WARNING * * *
Something shocks you.
* * * LOW HITPOINT WARNING * * *
Unknown command.
You can't drink.
Unknown command.
Casting: Scorch (safe; 5% risk of failure)
Confirm with . or Enter, or press ? or * to list all spells.
You don't know that spell.
Unknown command.
Casting: Scorch (safe; 5% risk of failure)
Confirm with . or Enter, or press ? or * to list all spells.
You don't have enough magic to cast this spell.
Unknown command.
Unknown command.
You miss something. Something hits you.
* * * LOW HITPOINT WARNING * * *
Something shocks you.
You die...

#####
#@{)#
###.# #.#
#o# . #.#
. #.# .
#.# ##. ##
#{# #..
..####.###
#.#


There were no monsters in sight!

Vanquished Creatures
  An orc priest (D:3)
  4 adders
  3 dart slugs
  A ribbon worm (D:2)
  2 orcs (D:3)
  2 ball pythons (D:2)
  2 endoplasms (D:1)
  A giant cockroach (D:3)
  3 goblins
  3 hobgoblins (D:1)
  7 jackals (D:1)
  3 quokkas
  6 frilled lizards
  4 kobolds
  5 rats
47 creatures vanquished.

Vanquished Creatures (others)
  67 foxfires
67 creatures vanquished.

Grand Total: 114 creatures vanquished

Notes
Turn   | Place    | Note
-------+----------+-------------------------------------------
     0 | D:1      | Ajdolov the Mummy Fire Elementalist began the quest for the
                  | Orb.
     0 | D:1      | Reached XP level 1. HP: 13/13 MP: 4/4
   185 | D:1      | Reached skill level 3 in Spellcasting
   287 | D:1      | Reached XP level 2. HP: 19/19 MP: 3/6
   290 | D:1      | Learned a level 2 spell: Scorch
   807 | D:1      | Reached XP level 3. HP: 24/24 MP: 1/8
  1410 | D:2      | Reached skill level 4 in Spellcasting
  1640 | D:2      | You fall into a shaft and drop 1 floor!
  1658 | D:3      | Reached XP level 4. HP: 30/30 MP: 1/10
  1841 | D:3      | Noticed a sky beast
  1896 | D:3      | HP: 1/30 [something (6)]
  1897 | D:3      | Slain by a sky beast

Illustrated notes

Levels and vault maps discovered:
D:1:      eino_arrival_water_star, layout_rooms, serial_forest,
          infiniplex_forest_fountain, infiniplex_forest_straight_2,
          infiniplex_forest_side_room, infiniplex_forest_clump_small,
          infiniplex_forest_end_2
D:2:      layout_loops_ring, mrwooster_statue_mirror, minmay_misc_feat_room
D:3:      layout_loops_cross, fedhas_altar_3, nicolae_qazlal_beasts_of_the_sky,
          ebering_ghost_sewer_d, uniq_crazy_yiuf_cottage, uniq_natasha

Skill      XL: |  1  2  3 |
---------------+----------+-----
Spellcasting   | 3 4 |  4.7
Fire Magic     | 3 |  3.6
Dodging        | |  1.5
Stealth        | |  1.5
Conjurations   | |  0.7

Action                     |  1- 3 |  4- 6 || total
---------------------------+-------+-------++-------
  Melee: Dagger            |    10 |    13 ||    23
   Cast: Foxfire           |    39 |     1 ||    40
         Scorch            |    22 |    11 ||    33
    Use: Scroll            |       |     3 ||     3
 Armour: Robe              |    24 |    29 ||    53
  Dodge: Dodged            |    27 |    29 ||    56

Table legend: (Time is in decaauts)
 A = Elapsed time spent in this place.
 B = Non-inter-level travel time spent in this place.
 C = Inter-level travel time spent in this place.
 D = Time resting spent in this place.
 E = Time spent auto-exploring this place.
 F = Levels seen in this place.
 G = Mean time per level.
                   A        B        C        D        E       F      G
               +--------+--------+--------+--------+--------+-----+--------+
         Total |   1897 |   1879 |     18 |      6 |   1457 |   3 |  632.3 |
       Dungeon |   1897 |   1879 |     18 |      6 |   1457 |   3 |  632.3 |
               +--------+--------+--------+--------+--------+-----+--------+

Top non-repeatable levels by time:
     D:1: 1034 daAuts
     D:2: 605 daAuts
     D:3: 256 daAuts
